 Dungeon Sprint DCSS version 0.27.1-33-g824d729ab1 (webtiles) character file.

Game seed: 14791889872025792191

601 manyhoops the Basher (level 7, 0/46 HPs)
             Began as a Gargoyle Berserker on Nov 25, 2021.
             Was a Believer of Trog.
             Slain by Sonja (2 damage)
             ... in the Dungeon (Sprint I: "Red Sonja").
             The game lasted 00:01:51 (730 turns).

manyhoops the Basher (Gargoyle Berserker)            Turns: 730, Time: 00:01:51

Health: 0/46       AC: 14    Str: 23    XL:     7   Next: 41%
Magic:  7/7        EV:  8    Int:  7    God:    Trog [**....]
Gold:   319        SH:  0    Dex:  9    Spells: 6/6 levels left

rFire    . . .     SeeInvis .   a - +0 mace
rCold    . . .     Faith    .   (no shield)
rNeg     + . .     Spirit   .   k - +0 chain mail
rPois    ∞         Reflect  .   (no helmet)
rElec    +         Harm     .   (no cloak)
rCorr    .         Rampage  .   (no gloves)
Will     ++...     NoTele   +   (no boots)
Stlth    ..........             (no amulet)
HPRegen  1.15/turn              (no ring)
MPRegen  0.10/turn              (no ring)

@: strong-willed, on berserk cooldown, attractive, regenerating, hasted, very
quick
A: sickness immunity, AC +4, negative energy resistance 1, electricity
resistance, torment resistance 1, petrification resistance
a: Renounce Religion, Berserk, Trog's Hand


You were in the Dungeon.
You worshipped Trog.
Trog was pleased with you.
You visited 1 branch You collected 319 gold pieces.

Inventory:

Hand Weapons
 a - a +0 mace (weapon)
Armour
 k - a +0 chain mail (worn)
Wands
 i - a wand of digging (3)
Scrolls
 h - 2 scrolls of blinking
Potions
 f - 2 potions of magic
 g - a potion of berserk rage


   Skills:
 + Level 6.2 Fighting
 - Level 14.1 Maces & Flails
 + Level 4.0 Armour
 - Level 1.5 Dodging


You had 6 spell levels left.
You didn't know any spells.
Your spell library was empty.

Dungeon Overview and Level Annotations

Branches:
Dungeon (1/1)

Altars:
Cheibriados
Dithmenos
Elyvilon
Fedhas
Gozag
Hepliaklqana
Kikubaaqudgha
Makhleb
Nemelex Xobeh
Okawaru
Qazlal
Ru
Sif Muna
Trog
Uskayaw
Vehumet
Wu Jian
Xom
Yredelemnul
Zin
The Shining One
Jiyva
Lugonu

Shops:
D [

Annotations:
D Sonja


Innate Abilities, Weirdness & Mutations

You are immune to sickness and miasma.
Your stone body is resilient. (AC +4)
You are immune to poison.
You resist negative energy. (rN+)
You are resistant to electric shocks. (rElec)
You are resistant to unholy torment.
You are immune to petrification.


Message History

* * * LOW HITPOINT WARNING * * *
You completely miss Sonja.
Sonja is moderately wounded.
You feel yourself speed up.
Sonja hits you with a +0 short sword of venom.
* * * LOW HITPOINT WARNING * * *
Sonja misses you.
Sonja hits you with a +0 short sword of venom.
* * * LOW HITPOINT WARNING * * *
Unknown command.
You completely miss Sonja.
Sonja is moderately wounded.
Unknown command.
You completely miss Sonja.
Sonja is moderately wounded.
Sonja casts a spell.
Sonja blinks!
Sonja is pulled toward you!
You miss Sonja.
Sonja is moderately wounded.
Sonja hits you but does no damage. x2; Sonja closely misses you.
You miss Sonja.
Sonja is moderately wounded.
You hit Sonja.
Sonja is heavily wounded.
Sonja gestures wildly while chanting.
Sonja blinks!
Sonja is pulled toward you!
Sonja closely misses you. x2; Sonja hits you but does no damage.
There is a radiant altar of Vehumet here.
You barely miss Sonja.
Sonja is heavily wounded.
Sonja barely misses you. Sonja hits you but does no damage.
Sonja barely misses you.
You closely miss Sonja.
Sonja is heavily wounded.
You closely miss Sonja.
Sonja is heavily wounded.
Sonja hits you with a +0 short sword of venom.
* * * LOW HITPOINT WARNING * * *
Sonja hits you with a +0 short sword of venom.
You die...

###################
#<.#..)..#..'..#__#
#..'[.#..').#..'^.+
#..#####'#####'#__#
#..####..#...#.####
#..#__####..##.#
#..#_____##'#_.+
#⌠⌠#_.∩...K..._#
####_..__##@.#'#
#_____###'#.#
####### #.### +$.$+
#$.$# ##.## #+#


You could see Sonja.

Vanquished Creatures
  A slime creature (D)
  Sigmund (D)
  A yak (D)
  An ogre (D)
  A jelly (D)
  Ijyb (D)
6 creatures vanquished.

Notes
Turn   | Place    | Note
-------+----------+-------------------------------------------
     0 | D        | manyhoops the Gargoyle Berserker began the quest for the
                  | Orb.
     0 | D        | Reached XP level 1. HP: 14/14 MP: 1/1
     1 | D        | Noticed Ijyb
     8 | D        | Killed Ijyb
     9 | D        | Reached skill level 6 in Maces & Flails
     9 | D        | Reached XP level 2. HP: 14/19 MP: 2/2
     9 | D        | Reached XP level 3. HP: 17/23 MP: 3/3
   171 | D        | Noticed an ogre
   177 | D        | Killed an ogre
   178 | D        | Reached skill level 9 in Maces & Flails
   178 | D        | Reached XP level 4. HP: 28/28 MP: 4/4
   219 | D        | Noticed Sigmund
   231 | D        | Killed Sigmund
   231 | D        | Reached ** piety under Trog
   232 | D        | Reached skill level 12 in Maces & Flails
   232 | D        | Reached XP level 5. HP: 32/32 MP: 5/5
   232 | D        | Reached XP level 6. HP: 37/37 MP: 6/6
   268 | D        | Found an ornate altar of the Wu Jian Council.
   268 | D        | Found a shimmering blue altar of Sif Muna.
   270 | D        | Found a radiant altar of Vehumet.
   461 | D        | Found Qofegaysus's Antique Armour Emporium.
   461 | D        | Found an ancient bone altar of Kikubaaqudgha.
   461 | D        | Found a hazy altar of Hepliaklqana.
   461 | D        | Found a stormy altar of Qazlal.
   461 | D        | Found a hide-covered altar of Uskayaw.
   461 | D        | Found a blossoming altar of Fedhas.
   461 | D        | Found a bloodstained altar of Trog.
   461 | D        | Found an iron altar of Okawaru.
   461 | D        | Found a basalt altar of Yredelemnul.
   461 | D        | Found a glowing golden altar of the Shining One.
   461 | D        | Found a snail-covered altar of Cheibriados.
   461 | D        | Found a sacrificial altar of Ru.
   461 | D        | Found a glowing silver altar of Zin.
   461 | D        | Found a shadowy altar of Dithmenos.
   461 | D        | Found a white marble altar of Elyvilon.
   461 | D        | Noticed a yak
   466 | D        | Killed a yak
   467 | D        | Reached skill level 14 in Maces & Flails
   467 | D        | Reached XP level 7. HP: 41/41 MP: 7/7
   484 | D        | Found an opulent altar of Gozag.
   485 | D        | Found a sparkling altar of Nemelex Xobeh.
   518 | D        | Found a viscous altar of Jiyva.
   518 | D        | Found a corrupted altar of Lugonu.
   518 | D        | Noticed a slime creature
   519 | D        | Found a burning altar of Makhleb.
   519 | D        | Found a shimmering altar of Xom.
   530 | D        | Killed a slime creature
   530 | D        | Reached *** piety under Trog
   684 | D        | Noticed Sonja
   721 | D        | HP: 1/46 [Sonja (6)]
   730 | D        | HP: 2/46 [Sonja (4)]
   730 | D        | Slain by Sonja

Illustrated notes

Levels and vault maps discovered:
D:        dungeon_sprint_1 [red_sonja_temple_1, red_sonja_temple_small_1]

Skill      XL: |  1  2  3  4  5  6  7 |
---------------+----------------------+-----
Maces & Flails | 6 9 12 14 | 14.1
Fighting       | 6 |  6.2
Armour         | 4 |  4.0
Dodging        | |  1.5

Action                   |  1- 3 |  4- 6 |  7- 9 || total
-------------------------+-------+-------+-------++-------
Melee: Mace              |    10 |    19 |    38 ||    67
Invok: Berserk           |     2 |     2 |     2 ||     6
       Trog's Hand       |       |       |     2 ||     2
  Use: Potion            |       |       |     4 ||     4
Armor: Chain mail        |       |     5 |    47 ||    52
Dodge: Dodged            |     3 |     4 |    29 ||    36
